 Dungeon Crawl Stone Soup version 0.31.0-12-g77e489cdc1 (webtiles) character file.

Game seed: 10166980986095133753

707 spaghetti the Trooper (level 7, -5/59 HPs)
             Began as a Demonspawn Chaos Knight on Mar 6, 2024.
             Was a Plaything of Xom.
             Slain by a two-headed ogre
             ... wielding a +0 giant spiked club
              (21 damage)
             ... on level 5 of the Dungeon.
             The game lasted 00:09:08 (4275 turns).

spaghetti the Trooper (Demonspawn Chaos Knight)     Turns: 4275, Time: 00:09:08

Health: -5/59      AC: 13    Str: 14    XL:     7   Next: 39%
Magic:  7/7        EV: 11    Int: 12    God:    Xom [..*...]
Gold:   210        SH:  0    Dex: 13    Spells: 6/6 levels left

rFire   . . .        (no weapon)
rCold   . . .        (no shield)
rNeg    . . .        b - +2 leather armour
rPois   .            (helmet restricted)
rElec   .            (no cloak)
rCorr   .            n - +1 Delatra's gloves {ID++}
SInv    .            (no boots)
Will    .....        (no amulet)
Stlth   +            (no ring)
HPRegen 0.29/turn    (no ring)
MPRegen 0.10/turn

%: no passive effects
@: sanguine armoured
A: claws 1, demonic guardian 1, spiny 2, sanguine armour 1, beak, inability to
drink after injury 1
a: Renounce Religion


You were on level 5 of the Dungeon.
You worshipped Xom.
You were a toy of Xom.
You visited 1 branch of the dungeon, and saw 5 of its levels.

You collected 210 gold pieces.

Inventory:

Hand Weapons
 a - a +1 falchion of chaos
Missiles
 g - 2 throwing nets
 h - 2 silver javelins
Armour
 b - a +2 leather armour (worn)
 j - a +0 plate armour
 n - the +1 Delatra's gloves (worn) {ID++}
   (You found it on level 4 of the Dungeon)

   ID++:      It heals its wearer when they drink unknown potions, and restores
   their MP when they read unknown scrolls.
Jewellery
 d - a ring of ice
Talismans
 k - a blade talisman
Scrolls
 c - a scroll of butterflies
 e - a scroll of vulnerability
 f - a scroll of noise
 i - 2 scrolls of identify
 l - a scroll of teleportation
 m - a scroll of enchant armour {unknown}


   Skills:
 + Level 6.9 Fighting
 - Level 2.6 Long Blades
 - Level 1.7 Armour
 - Level 0.8 Dodging
 + Level 4.2 Shapeshifting


You had 6 spell levels left.
You didn't know any spells.
Your spell library contained the following spells:

 Spells                   Type           Power      Damage    Failure   Level
 Foxfire                  Conj/Fire      0%         2x1d4     38%         1
 Lesser Beckoning         Tloc           0%         N/A       52%         2
 Mercury Vapours          Alch/Air       0%         N/A       52%         2
 Call Canine Familiar     Summ           0%         N/A       77%         3
 Gell's Gravitas          Tloc           0%         N/A       77%         3
 Mephitic Cloud           Conj/Alch/Air  0%         N/A       77%         3
 Sigil of Binding         Hex            0%         N/A       77%         3
 Stone Arrow              Conj/Erth      0%         3d7       77%         3
 Teleport Other           Tloc           0%         N/A       77%         3
 Animate Armour           Summ/Erth      0%         N/A       99%         4
 Dimensional Bullseye     Hex/Tloc       0%         N/A       99%         4
 Freezing Cloud           Conj/Ice/Air   0%         6-21      100%        5
 Summon Forest            Summ/Tloc      0%         N/A       100%        5
 Summon Mana Viper        Hex/Summ       0%         N/A       100%        5
 Plasma Beam              Fire/Air       0%         2x1d10    100%        6
 Starburst                Conj/Fire      0%         6d3       100%        6
 Summon Cactus Giant      Summ           0%         N/A       100%        6
 Lehudib's Crystal Spear  Conj/Erth      0%         10d2      100%        8


Dungeon Overview and Level Annotations

Branches:
Dungeon (5/15)
 Temple: D:4-7

Altars:
Fedhas
Makhleb
Ru
Vehumet
Yredelemnul

Annotations:
D:3 2 transporters, Tripartite's ghost, amateur HOCA
D:4 1 runed translucent door, Crazy Yiuf


Innate Abilities, Weirdness & Mutations

You have sharp fingernails.
A weak demonic guardian rushes to your aid.
You are mostly covered in sharp spines.
When seriously injured, your blood forms armour. (AC +6)
You have a beak for a mouth.
You occasionally lose the ability to drink potions when taking damage.


Message History

Found 18 gold pieces.
The howler monkey hits you.
You hit the howler monkey but do no damage.
The howler monkey hits you.
You closely miss the howler monkey.
The howler monkey is struck by your spines.
The howler monkey hits you.
You barely miss the howler monkey. You peck the howler monkey.
The howler monkey is almost dead.
The howler monkey hoots and howls with incredible vigour!
The howler monkey is struck by your spines.
You kill the howler monkey!
You hear a shout! x3; You hear two shouts!
Key pressed, stopping explore.
A two-headed ogre comes into view.
It is wielding two +0 giant spiked clubs.
A two-headed ogre is nearby!
A two-headed ogre is nearby!
You are too injured to fight recklessly!
You are too injured to fight recklessly!
You are too injured to fight recklessly!
You are too injured to fight recklessly!
You are too injured to fight recklessly!
The two-headed ogre shouts in stereo!
The two-headed ogre barely misses you.
The two-headed ogre hits you with a +0 giant spiked club!
Your blood congeals into armour.
Unknown command.
You hit the two-headed ogre.
The two-headed ogre is lightly wounded.
You hit the two-headed ogre but do no damage.
The two-headed ogre is lightly wounded.
The two-headed ogre hits you with a +0 giant spiked club.
The two-headed ogre hits you with a +0 giant spiked club!!
* * * LOW HITPOINT WARNING * * *
A shower of butterflies erupts from you!
You hit the two-headed ogre but do no damage.
The two-headed ogre is lightly wounded.
The two-headed ogre is struck by your spines.
The two-headed ogre hits you with a +0 giant spiked club!!
You die...
Xom is highly amused!

.......... .....
#........ .....
#.....##. ....
###.....##. ...
........##.#..# #.##
###.....##.#..#
#....######.......#..###
#.......b............
####@.......###......
#Obb.......#......
$.............'......
####b...#.....#######
......#.....#
...)....#.....#######
........#......#.....
........#......#.####
........#.........#


You could see a two-headed ogre (ally target).

Vanquished Creatures
  A black bear (D:4)
  A phantom (D:5)
  A scorpion (D:3)
  A howler monkey (D:5)
  2 hounds (D:4)
  An orc priest (D:4)
  Robin (D:4)
  7 gnolls
  5 adders
  4 dart slugs
  6 orcs
  5 bats
  4 endoplasms
  3 giant cockroaches
  10 goblins
  A goblin (shapeshifter) (D:2)
  5 hobgoblins
  4 jackals (D:1)
  3 quokkas
  9 ball pythons
  2 frilled lizards (D:1)
  7 kobolds
  4 rats
87 creatures vanquished.

Vanquished Creatures (collateral kills)
  A gnoll sergeant (D:4)
  A gnoll bouda (D:4)
  An iguana (D:4)
  2 gnolls (D:4)
5 creatures vanquished.

Grand Total: 92 creatures vanquished

Notes
Turn   | Place    | Note
-------+----------+-------------------------------------------
     0 | D:1      | spaghetti the Demonspawn Chaos Knight began the quest for
                  | the Orb.
     0 | D:1      | Reached XP level 1. HP: 18/18 MP: 1/1
    79 | D:1      | XOM: potion effect (attraction)
    90 | D:1      | Gained mutation: You are partially covered in sharp spines.
                  | [demonic ancestry]
    90 | D:1      | Reached XP level 2. HP: 5/25 MP: 2/2
   322 | D:1      | Reached skill level 4 in Fighting
   487 | D:1      | Found a faded altar of an unknown god.
   610 | D:1      | Gained mutation: You have sharp fingernails. [demonic
                  | ancestry]
   610 | D:1      | Reached XP level 3. HP: 30/30 MP: 3/3
   625 | D:1      | XOM: silly message
   846 | D:2      | an endoplasm changed into a shapeshifter
   846 | D:2      | Noticed a shapeshifter (shapeshifter)
   846 | D:2      | XOM: polymorph endoplasm -> shapeshifter
   846 | D:2      | a shapeshifter changed into a bombardier beetle
  1057 | D:2      | XOM: silly message
  1075 | D:2      | XOM: 3-stop teleportation journey
  1316 | D:2      | XOM: silly message
  1377 | D:2      | XOM: divination: detect items
  1447 | D:2      | Reached skill level 1 in Shapeshifting
  1447 | D:2      | Gained mutation: A weak demonic guardian rushes to your
                  | aid. [demonic ancestry]
  1447 | D:2      | Reached XP level 4. HP: 28/38 MP: 4/4
  1521 | D:2      | XOM: silly message
  1532 | D:2      | XOM: silly message
  1604 | D:2      | XOM: silly message
  1703 | D:3      | Noticed a scorpion
  1990 | D:3      | XOM: divination: detect creatures
  1990 | D:3      | Killed a scorpion
  1991 | D:3      | Reached skill level 5 in Fighting
  1991 | D:3      | Reached XP level 5. HP: 18/44 MP: 5/5
  2297 | D:3      | Found a transporter.
  2297 | D:3      | Found a transporter.
  2302 | D:3      | Identified the +8 halberd of Starshine {venom, Str+3}
  2397 | D:3      | Noticed Tripartite's ghost (amateur HOCA)
  2499 | D:3      | XOM: give mutations
  2499 | D:3      | Gained mutation: You have a beak for a mouth. [Xom's
                  | mischief]
  2499 | D:3      | Gained mutation: You occasionally lose the ability to drink
                  | potions when taking damage. [Xom's mischief]
  2516 | D:4      | Noticed a black bear
  2528 | D:4      | Killed a black bear
  2598 | D:4      | Gained mutation: When seriously injured, your blood forms
                  | armour. (AC +6) [demonic ancestry]
  2598 | D:4      | Reached XP level 6. HP: 38/52 MP: 6/6
  2664 | D:4      | Found a burning altar of Makhleb.
  2693 | D:4      | Noticed Robin
  2711 | D:4      | Killed Robin
  2822 | D:4      | XOM: swap monsters
  2827 | D:4      | Reached skill level 6 in Fighting
  2827 | D:4      | XOM: enchant monster (bad)
  2995 | D:4      | Found a radiant altar of Vehumet.
  2995 | D:4      | Found a sacrificial altar of Ru.
  2995 | D:4      | Found a basalt altar of Yredelemnul.
  3033 | D:4      | Found a blossoming altar of Fedhas.
  3033 | D:4      | XOM: 6-stop teleportation journey
  3093 | D:4      | Found the +1 Delatra's gloves {ID++}
  3352 | D:4      | Found a runed translucent door.
  3407 | D:3      | XOM: summons 4 hostile demons
  3574 | D:4      | Gained mutation: You are mostly covered in sharp spines.
                  | [demonic ancestry]
  3574 | D:4      | Reached XP level 7. HP: 44/59 MP: 7/7
  4006 | D:4      | Noticed Crazy Yiuf
  4159 | D:5      | Entered Level 5 of the Dungeon
  4244 | D:5      | XOM: polymorph iguana -> howler monkey
  4269 | D:5      | Noticed a two-headed ogre
  4274 | D:5      | XOM: butterfly on damage
  4275 | D:5      | Slain by a two-headed ogre

Illustrated notes

Levels and vault maps discovered:
D:1:      saegor_arrival_miasma, layout_loops_ring,
          dreamdust_ecumenical_altar_angels_and_demons,
          minmay_misc_feat_enclosed
D:2:      layout_loops_ring
D:3:      layout_basic, gammafunk_ghost_gnarly_gnolls, serial_co_window_serial,
          co_window_corner_a, co_window_paths_b, co_window_paths_b,
          co_window_paths_b, co_window_paths_a, co_window_paths_a,
          co_window_corner_a, co_window_corner_ca, co_window_2corner,
          co_window_paths_c, co_window_corner_b, co_window_corner_b,
          glass_columns_c, glass_columns_c, glass_columns_a,
          kennysheep_generic_room_6
D:4:      layout_basic, fedhas_ov_isle_minmay,
          mainiacjoe_overflow_surrounded_room,
          chequers_temple_overflow_statue_of_worship, lightli_minifort,
          uniq_crazy_yiuf_cottage, uniq_robin
D:5:      layout_basic, feat_on_display

Skill      XL: |  1  2  3  4  5  6  7 |
---------------+----------------------+-----
Fighting       | 4 5 6 |  6.9
Shapeshifting  | 1 2 3 4 |  4.2
Long Blades    | |  2.6
Armour         | |  1.7
Dodging        | |  0.8

Action                     |  1- 3 |  4- 6 |  7- 9 || total
---------------------------+-------+-------+-------++-------
  Melee: Falchion          |    41 |       |       ||    41
         Unarmed           |    42 |   155 |    31 ||   228
         Punch             |     2 |     1 |       ||     3
         Peck              |       |    26 |     1 ||    27
  Throw: Javelin           |       |     1 |     1 ||     2
    Use: Scroll            |     7 |     1 |       ||     8
         Potion            |     1 |     8 |     1 ||    10
   Stab: Paralysed         |     1 |       |       ||     1
         Invisible         |       |     3 |       ||     3
         Distracted        |       |     2 |       ||     2
 Armour: Leather armour    |    41 |   122 |    27 ||   190
         Skin              |       |     2 |    28 ||    30
  Dodge: Dodged            |    43 |    96 |    13 ||   152
